 Dungeon Crawl Stone Soup version 0.26-a0-611-g354ed81502 (webtiles) character file.

Game seed: 7069700220370436715

114087 Peloso the Hoplite (level 16, -1/141 HPs)
             Began as a Minotaur Fighter on Sept 6, 2020.
             Was the Champion of Okawaru.
             Slain by a spectral tyrant leech (12 damage)
             ... called from beyond by a ghost crab
             ... on level 2 of the Swamp.
             The game lasted 01:21:25 (29031 turns).

Peloso the Hoplite (Minotaur Fighter)              Turns: 29031, Time: 01:21:27

Health: -1/141     AC: 26    Str: 25    XL:     16   Next: 15%
Magic:  0/16       EV:  7    Int: 10    God:    Okawaru [******]
Gold:   3030       SH: 17    Dex: 16    Spells: 15/15 levels left

rFire    x . .     SeeInvis .   o - +2 long sword (flame)
rCold    . . .     Faith    .   Z - +0 kite shield
rNeg     + . .     Spirit   +   j - +1 plate armour of Darkness {Int+5 Slay+3}
rPois    +         Reflect  .   i - +2 hat
rElec    +         Harm     .   p - +1 cloak {rPois}
rCorr    .                      P - +1 pair of gloves {Dex+3}
MR       +++..                  Y - +0 pair of boots of Intercession {rN+ MR+}
Stlth    ..........             y - amulet of Wugok {Spirit rF- Slay+5}
HPRegen  0.33/turn              S - ring of Leimyadgh {+Blink rElec MR+}
MPRegen  0.15/turn              C - +4 ring of slaying

@: lethally poisoned (-1 -> -1), constricted, lightly drained, very slow
A: retaliatory headbutt, horns 2
a: Heroism, Finesse, Renounce Religion, Evoke Blink


You were on level 2 of the Swamp.
You worshipped Okawaru.
Okawaru was exalted by your worship.
You visited 4 branches of the dungeon, and saw 25 of its levels.
You also visited: Bailey.

You collected 3159 gold pieces.
You spent 129 gold pieces at shops.

Inventory:

Hand Weapons
 a - a +7 long sword of draining
 o - a +2 long sword of flaming (weapon)
Armour
 e - the +2 cloak of Generosity {rElec rN++ Str+2 Stlth-}
   (You found it on level 1 of the Swamp)

   It affects your strength (+2).
   It insulates you from electricity.
   It greatly protects you from negative energy.
   It makes you less stealthy.
 i - a +2 hat (worn)
 j - the +1 plate armour of Darkness (worn) {Int+5 Slay+3}
   (You found it on level 2 of the Lair of Beasts)

   It affects your intelligence (+5).
   It affects your accuracy and damage with ranged weapons and melee attacks
   (+3).
 p - a +1 cloak of poison resistance (worn)
 P - a +1 pair of gloves of dexterity (worn)
 Y - the +0 pair of boots of Intercession (worn) {rN+ MR+}
   (Okawaru gifted it to you on level 1 of the Lair of Beasts)

   It protects you from negative energy.
   It affects your resistance to hostile enchantments.
 Z - a +0 kite shield (worn)
Jewellery
 k - an uncursed amulet of reflection
 r - an uncursed ring of protection from magic
 y - the amulet of Wugok (around neck) {Spirit rF- Slay+5}
   (You found it on level 1 of the Swamp)

   [amulet of guardian spirit]

   It causes incoming damage to be split between your health and magic.
   It affects your accuracy and damage with ranged weapons and melee attacks
   (+5).
   It makes you vulnerable to fire.
 B - an uncursed ring of resist corrosion
 C - a +4 ring of slaying (right hand)
 F - an uncursed ring of protection from cold
 O - a +6 ring of dexterity
 S - the ring of Leimyadgh (left hand) {+Blink rElec MR+}
   (You found it on level 11 of the Dungeon)

   [ring of protection from magic]

   It insulates you from electricity.
   It affects your resistance to hostile enchantments.
   It lets you blink.
Wands
 n - a wand of random effects (15)
 D - a wand of digging (6)
Scrolls
 f - 13 scrolls of remove curse
 h - 11 scrolls of teleportation
 l - a scroll of enchant weapon
 m - 2 scrolls of noise
 s - 3 scrolls of magic mapping
 w - a scroll of identify
 L - a scroll of fog
 N - 3 scrolls of fear
 R - a scroll of brand weapon
 U - a scroll of blinking
 W - 2 scrolls of immolation
Potions
 b - 4 potions of berserk rage {unknown}
 c - a potion of resistance {unknown}
 d - 6 potions of might
 g - a potion of mutation
 q - 7 potions of heal wounds
 u - a potion of ambrosia
 v - 11 potions of curing
 x - 6 potions of haste
 E - 5 potions of stabbing
 I - a potion of flight
Miscellaneous
 t - a lightning rod (4/4)


   Skills:
 + Level 12.6(12.0) Fighting
 + Level 9.3(8.7) Long Blades
   Level 14.4(13.8) Maces & Flails
 + Level 14.2(13.6) Armour
 + Level 4.4(3.9) Dodging
 + Level 3.8(3.3) Stealth
 + Level 21.1(20.4) Shields
 + Level 1.0(0.5) Unarmed Combat
 + Level 2.0(1.6) Invocations
 + Level 1.5(1.0) Evocations


You had 15 spell levels left.
You didn't know any spells.
Your spell library contained the following spells:

 Spells                   Type           Power        Failure   Level
 Animate Skeleton         Necr           #.....       97%         1
 Corona                   Hex            #......      97%         1
 Magic Dart               Conj           #...         97%         1
 Pain                     Necr           #...         97%         1
 Sting                    Tmut/Pois      #...         97%         1
 Blink                    Tloc           N/A          99%         2
 Call Imp                 Summ           #.......     99%         2
 Ensorcelled Hibernation  Hex/Ice        #.....       99%         2
 Poisonous Vapours        Pois/Air       #.....       99%         2
 Slow                     Hex            #.......     99%         2
 Conjure Flame            Conj/Fire      #.......     100%        3
 Ignite Poison            Fire/Tmut/Pois #.......     100%        3
 Inner Flame              Hex/Fire       #.......     100%        3
 Mephitic Cloud           Conj/Pois/Air  #.......     100%        3
 Portal Projectile        Hex/Tloc       #.....       100%        3
 Vampiric Draining        Necr           #.........   100%        3
 Animate Dead             Necr           #.........   100%        4
 Cause Fear               Hex            #.........   100%        4
 Ice Form                 Ice/Tmut       #.......     100%        4
 Leda's Liquefaction      Hex/Erth       #.........   100%        4
 Agony                    Necr           #.......     100%        5
 Alistair's Intoxication  Tmut/Pois      #........    100%        5
 Borgnjor's Vile Clutch   Necr/Erth      #.........   100%        5
 Metabolic Englaciation   Hex/Ice        #.........   100%        5
 Silence                  Hex/Air        #.........   100%        5
 Freezing Cloud           Conj/Ice/Air   #.........   100%        6
 Ozocubu's Refrigeration  Ice            #.........   100%        6
 Shadow Creatures         Summ           N/A          100%        6
 Simulacrum               Ice/Necr       #.........   100%        6


Dungeon Overview and Level Annotations

Branches:
Dungeon (15/15)            Temple (0/1) D:7            Lair (6/6) D:9
  Swamp (2/4) Lair:2       Spider (0/4) Lair:3        Slime (0/5) Lair:5
    Orc (2/2) D:10            Elf (0/3) Orc:2        Vaults (0/5) D:14
 Depths (0/5) D:15         Bailey (visited)

Altars:
Cheibriados
Dithmenos
Hepliaklqana
Nemelex Xobeh
Okawaru
Qazlal
Trog
Uskayaw
Xom
Yredelemnul
Beogh
Jiyva

Shops:
D:7 [   D:15 (   Orc:2 [(*:


Innate Abilities, Weirdness & Mutations

You reflexively headbutt those who attack you in melee.
You have a pair of horns on your head.


Message History

* * * LOW HITPOINT WARNING * * *
You partially resist.
You feel drained. The spectral anaconda constricts you.
You block the spectral four-headed hydra's attack.
The spectral four-headed hydra bites you but does no damage.
The spectral four-headed hydra bites you.
* * * LOW HITPOINT WARNING * * *
The spectral four-headed hydra completely misses you.
You barely miss the ghost crab.
The ghost crab is almost destroyed.
You feel sick.
You block the spectral blink frog's attack.
The spectral anaconda bites you but does no damage.
The spectral anaconda constricts you. The swamp dragon bites you!
* * * LOW HITPOINT WARNING * * *
You block the swamp dragon's attack.
The swamp dragon tramples you but does no damage.
The slime creature is engulfed in spectral mist.
The slime creature hits you but does no damage.
The spectral tyrant leech bites you!
You die...

§☼J☼☼♣♣°....♣...≈..
≈○○☼☼D.°..♣♣...≈♣ ≈..
≈≈§)☼^./≈≈.≈.≈.≈♣ .≈≈
≈≈≈..≈≈≈≈≈≈..☼.♣♣ ≈≈≈≈
♣♣.≈≈≈≈≈≈..).≈♣♣ ≈≈.≈≈
≈≈.≈≈≈≈§≈.÷...♣♣♣♣♣≈.≈≈.
...≈≈≈≈☼≈.....°♣○...≈≈≈≈
≈..<.≈≈≈≈.≈≈...tJZ≈.♣≈≈.
≈≈.....☼.≈≈≈≈w≈Z@Z≈≈≈♣
≈≈.≈.≈≈≈≈≈≈≈°°°DZ○.♣♣
≈≈.♣.≈≈≈≈≈≈≈≈≈≈≈≈≈.♣ ≈≈
♣≈≈≈.≈≈≈.≈≈≈§≈≈.♣ ♣
♣.≈≈..≈≈.[≈≈≈≈≈≈≈≈♣
♣...≈♣≈≈≈≈≈≈≈≈≈≈.♣♣
♣♣♣≈≈≈≈≈≈≈≈...≈♣
♣...≈≈≈≈≈≈≈.♣♣♣♣
♣..≈≈≈≈≈≈≈.≈♣


You could see a swamp dragon, a tyrant leech, a slime creature, a ghost crab, a
spectral anaconda (summoned), a spectral tyrant leech (summoned), a spectral
four-headed hydra (summoned) and a spectral blink frog (summoned).

Vanquished Creatures
  Jorgrun (D:12)
  Rupert (D:13)
  Gastronok (D:8)
  Kirke (D:14)
  A dire elephant (Lair:6)
  2 ettins
  Josephine (D:10)
  A vault guard (D:14)
  2 centaur warriors
  A ghost crab (Swamp:1)
  7 hydras
  3 catoblepae
  6 two-headed ogres
  The ghost of Jocoan the Grappler, a journeyman VSTm of Kikubaaqudgha (Lair:4)
  A shambling mangrove (Swamp:1)
  The ghost of RandomHacker the Cleaver, a novice HOMo of Beogh (D:11)
  18 death yaks
  7 alligators
  A deep troll shaman (Lair:6)
  5 orc high priests
  Sonja (Lair:2)
  5 skeletal warriors (D:14)
  2 unseen horrors
  A swamp dragon (Swamp:2)
  2 deep trolls (D:15)
  A lindwurm (Lair:6)
  2 orc knights
  A deep elf mage (D:15)
  A necromancer (D:10)
  6 ugly things
  6 orc sorcerers
  2 manticores
  3 centaur zombies
  A cyclops (D:15)
  3 elephants (Lair:6)
  8 black mambas
  16 cane toads
  7 rime drakes
  A redback zombie (D:15)
  12 komodo dragons
  3 yaktaurs (D:15)
  5 jumping spiders (Lair:3)
  2 tyrant leeches
  3 tengu conjurers
  10 trolls
  3 polar bears
  4 blink frogs (Lair:5)
  7 hornets
  A slime creature (Swamp:2)
  12 dream sheep
  8 hippogriffs
  Sigmund (D:3)
  2 redbacks (Lair:3)
  A spriggan (Swamp:1)
  A spriggan (shapeshifter) (D:14)
  31 yaks
  2 shadows
  3 hogs (D:14)
  A vampire (D:12)
  4 wraiths (D:10)
  2 wyverns
  Grum (D:9)
  Eustachio (D:6)
  A basilisk (shapeshifter) (D:15)
  5 basilisks
  7 vampire mosquitoes
  5 wargs
  12 swamp worms
  3 acid dragons
  5 porcupines
  11 water moccasins
  5 swamp drakes
  29 orc warriors
  A hydra simulacrum (Lair:4)
  5 ice beasts
  7 sky beasts
  12 ogres
  An eye of draining (D:10)
  A black bear (Lair:6)
  A necrophage (D:13)
  18 centaurs
  A phantom (D:13)
  24 wolves
  12 crocodiles
  4 big kobolds
  11 bullfrogs
  A gnoll sergeant (D:8)
  9 scorpions
  8 killer bees
  20 wights
  5 howler monkeys
  A torpor snail simulacrum (Lair:4)
  3 bullfrog zombies
  A fire crab simulacrum (Lair:4)
  A quasit (D:9)
  An iron imp (D:6)
  4 jellies
  3 komodo dragon simulacra (Lair:4)
  Crazy Yiuf (D:2)
  29 orc priests
  3 centaur skeletons
  3 hounds
  3 bullfrog skeletons
  8 iguanas
  27 orc wizards
  7 yak simulacra (D:10)
  11 worker ants
  3 polar bear simulacra
  2 wolf simulacra (D:10)
  3 worker ant zombies
  A howler monkey skeleton (D:11)
  15 gnolls
  13 adders
  2 hound simulacra (D:10)
  A shadow imp (D:3)
  4 white imps
  2 ufetubi
  2 adder zombies
  2 oozes
  3 adder skeletons
  5 worms
  2 dart slugs
  9 leopard geckos
  67 orcs
  12 bats
  7 giant cockroaches
  5 goblins
  11 hobgoblins
  9 jackals
  3 quokkas
  5 frilled lizards
  A giant cockroach zombie (D:5)
  23 kobolds
  A leopard gecko skeleton (D:4)
  A quokka skeleton (D:7)
  A quokka zombie (D:5)
  16 rats
  11 briar patches (Swamp:1)
823 creatures vanquished.

Vanquished Creatures (others)
  A swamp dragon (Swamp:2)
  A hornet (Swamp:1)
  A slime creature (Swamp:2)
  A spriggan (Swamp:1)
  A swamp worm (Swamp:1)
  10 briar patches (Swamp:1)
  41 fungi
  35 plants
91 creatures vanquished.

Grand Total: 914 creatures vanquished

Notes
Turn   | Place    | Note
-------+----------+-------------------------------------------
     0 | D:1      | Peloso the Minotaur Fighter began the quest for the Orb.
     0 | D:1      | Reached XP level 1. HP: 19/19 MP: 0/0
   126 | D:1      | Reached XP level 2. HP: 27/27 MP: 1/1
   468 | D:1      | Reached skill level 4 in Shields
   777 | D:2      | Reached XP level 3. HP: 33/33 MP: 2/2
   937 | D:2      | Reached XP level 4. HP: 38/40 MP: 3/3
  1290 | D:2      | Reached XP level 5. HP: 40/47 MP: 4/4
  1457 | D:2      | Found an iron altar of Okawaru.
  1465 | D:2      | Became a worshipper of Warmaster Okawaru
  1842 | D:2      | Found a runed translucent door.
  1843 | D:2      | Noticed Crazy Yiuf
  1963 | D:2      | Killed Crazy Yiuf
  1963 | D:2      | Reached skill level 5 in Armour
  2172 | D:3      | Reached skill level 1 in Dodging
  2172 | D:3      | Reached skill level 5 in Shields
  2422 | D:3      | Noticed Sigmund
  2437 | D:3      | Killed Sigmund
  2437 | D:3      | Reached XP level 6. HP: 30/53 MP: 5/5
  3014 | D:3      | Reached skill level 5 in Long Blades
  3383 | D:4      | Noticed a sky beast
  3398 | D:4      | Killed a sky beast
  3398 | D:4      | Reached * piety under Okawaru
  3398 | D:4      | Reached XP level 7. HP: 51/60 MP: 6/6
  3689 | D:4      | Got a masterwork whip
  3690 | D:4      | Identified the +7 whip "Tyr Rougg" {vamp, *Contam Int+6
                  | Dex+3 Stlth+} (You found it on level 4 of the Dungeon)
  3883 | D:4      | Reached skill level 6 in Shields
  3958 | D:4      | Reached skill level 5 in Fighting
  3958 | D:4      | Reached skill level 1 in Maces & Flails
  4146 | D:5      | Entered Level 5 of the Dungeon
  4178 | D:5      | Found a hazy altar of Hepliaklqana.
  4236 | D:5      | Reached XP level 8. HP: 59/68 MP: 7/7
  4247 | D:5      | Reached ** piety under Okawaru
  4858 | D:6      | Found a shimmering altar of Xom.
  4858 | D:6      | Found a bloodstained altar of Trog.
  4858 | D:6      | Found a basalt altar of Yredelemnul.
  4858 | D:6      | Found a stormy altar of Qazlal.
  4888 | D:6      | Noticed Eustachio
  4919 | D:6      | Killed Eustachio
  4919 | D:6      | Reached skill level 5 in Maces & Flails
  4919 | D:6      | Reached skill level 7 in Shields
  5146 | D:6      | Reached XP level 9. HP: 74/74 MP: 8/8
  5155 | D:6      | Reached *** piety under Okawaru
  5319 | D:6      | Reached skill level 8 in Shields
  5709 | D:6      | Found a snail-covered altar of Cheibriados.
  5982 | D:7      | Reached skill level 9 in Shields
  6132 | D:7      | Found a staircase to the Ecumenical Temple.
  6551 | D:7      | Found Jyoqyp's Armour Emporium.
  6939 | D:7      | Reached **** piety under Okawaru
  7259 | D:8      | Reached skill level 10 in Shields
  7263 | D:8      | Found a sparkling altar of Nemelex Xobeh.
  7362 | D:8      | Reached XP level 10. HP: 84/84 MP: 9/9
  7373 | D:8      | Noticed Gastronok
  7394 | D:8      | Killed Gastronok
  7394 | D:8      | Reached ***** piety under Okawaru
  7394 | D:8      | Reached skill level 11 in Shields
  7472 | D:8      | Found a flagged portal.
  7483 | Bailey   | Entered a bailey
  7508 | Bailey   | Reached skill level 1 in Stealth
  7552 | Bailey   | Found an iron altar of Okawaru.
  7662 | D:8      | Reached skill level 10 in Maces & Flails
  7809 | D:8      | Got an ancient plate armour
  7820 | D:8      | Identified the cursed +0 plate armour "Ikeikab" {MR++
                  | Str-3} (You found it on level 8 of the Dungeon)
  8390 | D:9      | Noticed a moth of wrath
  8397 | D:9      | Found a bloodstained altar of Trog.
  8515 | D:9      | Noticed Grum
  8534 | D:9      | Reached skill level 1 in Evocations
  8558 | D:9      | Killed Grum
  8842 | D:9      | Found a staircase to the Lair.
  8882 | D:10     | Entered Level 10 of the Dungeon
  8913 | D:9      | Reached skill level 12 in Shields
  8973 | D:9      | Reached XP level 11. HP: 93/93 MP: 10/10
  9002 | D:10     | Noticed a necromancer
  9009 | D:10     | Killed a necromancer
  9115 | D:10     | Received a gift from Okawaru
  9185 | D:10     | Found a staircase to the Orcish Mines.
  9559 | D:10     | Noticed a two-headed ogre
  9572 | D:10     | Killed a two-headed ogre
  9575 | D:10     | Got a faintly glowing chain mail
  9586 | D:10     | Identified the +0 chain mail "Iraalub" {Harm Dex+4} (You
                  | found it on level 10 of the Dungeon)
  9746 | D:10     | Reached skill level 13 in Shields
 10059 | D:11     | Noticed a centaur warrior
 10091 | D:11     | Killed a centaur warrior
 10091 | D:11     | Reached ****** piety under Okawaru
 10135 | D:11     | Found a bloodstained altar of Trog.
 10261 | D:11     | Got a scintillating amber ring
 10522 | D:11     | Noticed a two-headed ogre
 10530 | D:11     | Killed a two-headed ogre
 10530 | D:11     | Reached skill level 14 in Shields
 10785 | D:11     | Found a large runed translucent door.
 10785 | D:11     | Found a large runed translucent door.
 10787 | D:11     | Noticed RandomHacker's ghost (novice HOMo)
 10925 | D:12     | Identified the ring of Leimyadgh {+Blink rElec MR+} (You
                  | found it on level 11 of the Dungeon)
 10976 | D:12     | Noticed a two-headed ogre
 10984 | D:12     | Killed a two-headed ogre
 10984 | D:12     | Reached XP level 12. HP: 103/103 MP: 11/11
 11233 | D:12     | Noticed Jorgrun
 11250 | D:12     | Killed Jorgrun
 12105 | Lair:1   | Entered Level 1 of the Lair of Beasts
 12455 | Lair:1   | Received a gift from Okawaru
 12455 | Lair:1   | Reached skill level 10 in Armour
 12458 | Lair:1   | Got a pair of transparent boots {god gift}
 12469 | Lair:1   | Identified the +0 pair of boots of Intercession {rN+ MR+}
                  | (Okawaru gifted it to you on level 1 of the Lair of Beasts)
 12551 | Lair:1   | Reached skill level 15 in Shields
 12912 | Lair:1   | Got a bloodstained spear
 13054 | Lair:2   | Noticed Sonja
 13059 | Lair:2   | Killed Sonja
 13464 | Lair:2   | Found a staircase to the Swamp.
 13533 | Lair:2   | Got a pitted plate armour
 13544 | Lair:2   | Identified the cursed +1 plate armour of Darkness {Int+5
                  | Slay+3} (You found it on level 2 of the Lair of Beasts)
 13665 | Lair:2   | Noticed an eight-headed hydra
 13671 | Lair:2   | Killed an eight-headed hydra
 14171 | Lair:3   | Found a hole to the Spider Nest.
 14465 | Lair:3   | Reached XP level 13. HP: 111/111 MP: 12/12
 14623 | Lair:3   | Reached skill level 16 in Shields
 15250 | Orc:1    | Entered Level 1 of the Orcish Mines
 15332 | Orc:1    | Noticed Josephine
 15380 | D:10     | Killed Josephine
 15406 | Orc:1    | Received a gift from Okawaru
 15569 | Orc:1    | Got an encrusted mace {god gift}
 15721 | Orc:1    | Found a roughly hewn altar of Beogh.
 15861 | Orc:2    | Entered Level 2 of the Orcish Mines
 15889 | Orc:2    | Reached skill level 10 in Fighting
 16005 | Orc:2    | Reached skill level 17 in Shields
 16123 | Orc:2    | Found a staircase to the Elven Halls.
 16142 | Orc:2    | Received a gift from Okawaru
 17052 | Orc:1    | Reached skill level 1 in Unarmed Combat
 17494 | Orc:2    | Found Myagi's Assorted Antiques.
 17494 | Orc:2    | Found Batsyeca's Book Emporium.
 17495 | Orc:2    | Found Xaonik's Weapon Shoppe.
 17498 | Orc:2    | Found Vurghis's Armour Shoppe.
 17501 | Orc:2    | Bought a scroll of magic mapping for 129 gold pieces
 17675 | Orc:1    | Noticed an ettin
 17683 | Orc:2    | Killed an ettin
 18103 | D:13     | Received a gift from Okawaru
 18235 | D:13     | Reached skill level 1 in Invocations
 18303 | D:13     | Reached XP level 14. HP: 122/122 MP: 13/13
 18531 | D:13     | Noticed Rupert
 18562 | D:13     | Killed Rupert
 18562 | D:13     | Reached skill level 18 in Shields
 19366 | D:14     | Found a shadowy altar of Dithmenos.
 19496 | D:14     | Noticed Kirke
 19533 | D:14     | Killed Kirke
 19859 | D:14     | Found a gate to the Vaults.
 19972 | D:15     | Entered Level 15 of the Dungeon
 20176 | D:15     | Received a gift from Okawaru
 20211 | D:15     | Reached skill level 19 in Shields
 20513 | D:15     | Found a staircase to the Depths.
 20621 | D:15     | Found Dallec's Antique Weapon Boutique.
 21411 | D:11     | Killed RandomHacker's ghost
 21418 | D:11     | Identified the Compendium of Intoxication
 21584 | Lair:4   | Found a runed translucent gate.
 21584 | Lair:4   | Found a runed translucent gate.
 21584 | Lair:4   | Found a runed translucent gate.
 21634 | Lair:4   | Noticed Jocoan's ghost (journeyman VSTm)
 22129 | Lair:4   | Reached XP level 15. HP: 130/130 MP: 15/15
 22594 | Lair:4   | Killed Jocoan's ghost
 22723 | Lair:5   | Found a staircase to the Slime Pits.
 22723 | Lair:5   | Found a viscous altar of Jiyva.
 22811 | Lair:5   | Reached skill level 20 in Shields
 22980 | Lair:5   | Received a gift from Okawaru
 23589 | Lair:1   | Identified the +6 spear "Vunetuat" {freeze, Str+3 SInv}
                  | (You found it on level 1 of the Lair of Beasts)
 23610 | Lair:1   | Identified the +6 mace "Wias" {flame, +Inv rPois Str-2
                  | Dex+9} (Okawaru gifted it to you on level 1 of the Orcish
                  | Mines)
 23781 | Lair:6   | Entered Level 6 of the Lair of Beasts
 24674 | Lair:6   | Received a gift from Okawaru
 26207 | Swamp:1  | Entered Level 1 of the Swamp
 26244 | Swamp:1  | Found a hide-covered altar of Uskayaw.
 26544 | Swamp:1  | Found a transporter.
 26771 | Swamp:1  | Reached skill level 21 in Shields
 26959 | Swamp:1  | Found a transporter.
 26980 | Swamp:1  | Reached XP level 16. HP: 128/141 MP: 14/16
 27009 | Swamp:1  | Paralysed by a hornet for 1 turns
 28330 | Swamp:1  | Got a fading cloak
 28341 | Swamp:1  | Identified the +2 cloak of Generosity {rElec rN++ Str+2
                  | Stlth-} (You found it on level 1 of the Swamp)
 28343 | Swamp:1  | Got a sparkling silver amulet
 28354 | Swamp:1  | Identified the amulet of Wugok {Spirit rF- Slay+5} (You
                  | found it on level 1 of the Swamp)
 28504 | Swamp:2  | Received a gift from Okawaru
 29031 | Swamp:2  | Slain by a spectral tyrant leech

Illustrated notes

Levels and vault maps discovered:
D:1:      saegor_arrival_miasma, layout_loops_ring
D:2:      layout_loops_ring, kennysheep_okawaru_gauntlet,
          uniq_crazy_yiuf_cottage
D:3:      layout_loops_ring, uniq_sigmund
D:4:      minmay_chambers_of_fours, layout_gridville, serial_glass,
          glass_columns_a, glass_columns_b
D:5:      layout_cave_pools, nicolae_overflow_crystal_walls,
          minmay_fractal_squares_diagonal_5
D:6:      layout_gridville, slow_altar_2,
          chequers_temple_overflow_statue_of_worship, uniq_eustachio
D:7:      old_forge, layout_basic, minmay_temple_entry_waves, serial_shops,
          nicolae_shop_stone
D:8:      layout_basic, enter_bailey_2, basic_altar, uniq_gastronok
D:9:      layout_irregular_city, lair_entry_dummy, tgw_trog, uniq_grum
D:10:     layout_roguey, david_orc_1_choice, serial_ice, serial_ice_g,
          serial_ice_n, serial_ice_d, serial_ice_h, serial_ice_m, serial_ice_c,
          eino_house_with_fridge
D:11:     layout_rooms, basic_altar, ebering_ghost_disaster_area
D:12:     layout_layer_cave, uniq_jorgrun
D:13:     layout_small_grid, uniq_rupert
D:14:     layout_roguey, david_vaults_5, grunt_dithmenos_smoke, uniq_kirke
D:15:     hangedman_depths_entry_civil_slaughter, layout_gridville,
          serial_shops, shop_statue, chequers_avenue
Lair:1:   layout_gridlike, minivault_27, lemuel_fruit_tree
Lair:2:   layout_chaotic_city, minmay_swamp_entry_reptiles, uniq_sonja
Lair:3:   layout_gridlike, nicolae_spider_entry_tight_spaces,
          beast_lair_carwin_10
Lair:4:   layout_regular_city, gammafunk_ghost_icy, grunt_megastairs_2,
          serial_bayou_shore_a, infiniplex_staircase_pool
Lair:5:   layout_cave_shapes, slime_altar_1, st_stairs_4,
          kennysheep_catoblepas_arena, lemuel_fruit_fields
Lair:6:   grunt_lair_end_beastmaster, layout_misc_corridors, grunt_megastairs_4
Swamp:1:  gammafunk_worm_tunnel, layout_basic_swamp, lemuel_altar_in_water,
          swamp_pool5, nicolae_swamp_little_tower
Swamp:2:  layout_basic_swamp, evilmike_swamp_ruin_house_5
Orc:1:    layout_caves, minmay_orc_temple_a, uniq_josephine
Orc:2:    st_orc_mages, layout_caves

Skill      XL: |  1  2  3  4  5  6  7  8  9 10 11 12 13 14 15 16 |
---------------+-------------------------------------------------+-----
Fighting       | 4 5 6 7 8 9 10 11 12 | 12.6
Shields        | 4 5 6 7 10 12 14 15 17 19 21 | 21.1
Armour         | 4 5 6 7 8 9 10 12 13 14 | 14.2
Long Blades    | 3 4 5 6 8 9 |  9.3
Dodging        | 1 2 3 4 |  4.4
Maces & Flails | 2 6 8 10 12 13 14 | 14.4
Stealth        | 1 3 |  3.8
Evocations     | 1 |  1.5
Unarmed Combat | 1 |  1.0
Invocations    | 1 2 |  2.0

Action                   |  1- 3 |  4- 6 |  7- 9 | 10-12 | 13-15 | 16-18 || total
-------------------------+-------+-------+-------+-------+-------+-------++-------
Melee: Long sword        |    51 |   160 |    21 |       |   287 |   118 ||   637
       Headbutt          |    12 |    25 |   122 |   272 |   645 |    44 ||  1120
       Whip              |       |       |   432 |   839 |  1372 |       ||  2643
       Unarmed           |       |       |       |       |     8 |       ||     8
Invok: Heroism           |       |       |     1 |     2 |    21 |       ||    24
Evoke: Wand              |       |       |     5 |    10 |    15 |       ||    30
  Use: Potion            |     4 |     1 |       |       |     2 |     4 ||    11
       Scroll            |       |       |    14 |     8 |     8 |     2 ||    32
 Stab: Paralysed         |       |       |       |     3 |       |       ||     3
       Sleeping          |       |       |       |     2 |       |       ||     2
       Confused          |       |       |       |     1 |     1 |       ||     2
       Petrified         |       |       |       |       |    13 |       ||    13
       Petrifying        |       |       |       |       |     1 |       ||     1
Armor: Scale mail        |    25 |    39 |     3 |       |       |       ||    67
       Plate armour      |       |       |   143 |    47 |   339 |   125 ||   654
       Chain mail        |       |       |     3 |   165 |       |       ||   168
       Crystal plate arm |       |       |       |       |   252 |       ||   252
       Skin              |       |       |       |       |     1 |       ||     1
Dodge: Dodged            |    15 |    39 |    65 |   195 |   305 |    58 ||   677
Block: Kite shield       |    24 |   107 |   321 |   717 |  1553 |   173 ||  2895
       Reflection        |       |     2 |    13 |    61 |    42 |    23 ||   141
       Other             |       |       |       |       |     2 |       ||     2
       Rpst.: Long sword |     6 |    10 |     4 |       |    17 |     9 ||    46

Table legend: (Time is in decaauts)
 A = Elapsed time spent in this place.
 B = Non-inter-level travel time spent in this place.
 C = Inter-level travel time spent in this place.
 D = Time resting spent in this place.
 E = Time spent auto-exploring this place.
 F = Levels seen in this place.
 G = Mean time per level.
                   A        B        C        D        E       F      G
               +--------+--------+--------+--------+--------+-----+--------+
         Total |  28043 |  26584 |   1459 |   3279 |  16208 |  26 | 1078.6 |
       Dungeon |  15170 |  14169 |   1001 |    100 |  10439 |  15 | 1011.3 |
          Lair |   7431 |   7026 |    405 |   1075 |   3952 |   6 | 1238.5 |
         Swamp |   2876 |   2854 |     22 |   1232 |    994 |   2 | 1438.0 |
  Orcish Mines |   2402 |   2372 |     30 |    872 |    782 |   2 | 1201.0 |
        Bailey |    161 |    161 |      0 |      0 |     40 |   1 |  161.0 |
               +--------+--------+--------+--------+--------+-----+--------+

Top non-repeatable levels by time:
 Swamp:1: 2800 daAuts
   Orc:1: 1683 daAuts
  Lair:6: 1632 daAuts
     D:2: 1424 daAuts
  Lair:5: 1400 daAuts
    D:10: 1400 daAuts
     D:7: 1359 daAuts
    D:12: 1275 daAuts
  Lair:3: 1186 daAuts
  Lair:1: 1156 daAuts
  Lair:4: 1146 daAuts
     D:6: 1112 daAuts
     D:4: 1058 daAuts
    D:14: 1013 daAuts
     D:3: 982 daAuts
